 Dungeon Crawl Stone Soup version 0.30-a0-374-g95c0257040 (webtiles) character file.

Game seed: 9822086257270100031

2550 MTVSty1e the Cleaver (level 9, 0/84 HPs)
             Began as a Minotaur Fighter on Nov 26, 2022.
             Slain by a wolf (12 damage)
             ... on level 8 of the Dungeon.
             The game lasted 00:06:32 (7546 turns).

MTVSty1e the Cleaver (Minotaur Fighter)             Turns: 7546, Time: 00:06:33

Health: 0/84       AC:  0    Str: 31    XL:     9   Next: 30%
Magic:  8/8        EV:  9    Int:  5    God:
Gold:   496        SH:  9    Dex: 10    Spells: 8/8 levels left

rFire   . . .      SeeInvis .    a - +0 war axe
rCold   . . .      Faith    .    c - +0 buckler
rNeg    . . .      Spirit   .    b - +0 scale mail
rPois   +          Reflect  +    (helmet restricted)
rElec   .          Harm     .    C - +0 cloak
rCorr   .          Rampage  .    (no gloves)
Will    .....                    (no boots)
Stlth   ..........               G - amulet of reflection
HPRegen 0.34/turn                w - +6 ring of strength
MPRegen 0.11/turn                x - ring of poison resistance

@: mighty, corroded, attractive
A: horns 2, retaliatory headbutt
a: no special abilities


You were on level 8 of the Dungeon.
You visited 2 branches of the dungeon, and saw 9 of its levels.

You collected 496 gold pieces.

Inventory:

Hand Weapons
 a - a +0 war axe (weapon)
 D - the +5 hammer "Ruxta" {vorpal, Dex+2}
   (You found it on level 6 of the Dungeon)

   It inflicts extra damage upon your enemies.
   Dex:       It affects your dexterity (+2).
Armour
 b - a +0 scale mail (worn)
 c - a +0 buckler (worn)
 C - a +0 cloak (worn)
Jewellery
 l - a ring of ice
 w - a +6 ring of strength (left hand)
 x - a ring of poison resistance (right hand)
 G - an amulet of reflection (around neck)
Wands
 r - a wand of digging (1)
 z - a wand of roots (16)
 E - a wand of flame (40)
Scrolls
 e - a scroll of enchant armour {unknown}
 f - 3 scrolls of enchant weapon {unknown}
 h - 3 scrolls of teleportation {unknown}
 i - a scroll of fog {unknown}
 j - 2 scrolls of noise {unknown}
 k - 4 scrolls of vulnerability {unknown}
 m - 2 scrolls of summoning {unknown}
 n - 8 scrolls of identify {unknown}
 p - 2 scrolls of poison {unknown}
 u - a scroll of amnesia {unknown}
 y - a scroll of torment {unknown}
 F - a scroll of magic mapping {unknown}
Potions
 d - 3 potions of might
 g - a potion of attraction
 o - 3 potions of flight {unknown}
 q - a potion of lignification {unknown}
 s - 2 potions of curing
 t - a potion of haste {unknown}
 v - a potion of resistance {unknown}
 A - 2 potions of brilliance {unknown}
 B - a potion of degeneration {unknown}
 I - a potion of berserk rage {unknown}


   Skills:
 + Level 9.5 Fighting
 * Level 12.4 Axes
 - Level 3.6 Armour
 - Level 3.6 Shields


You had 8 spell levels left.
You didn't know any spells.
Your spell library contained the following spells:

 Spells                   Type           Power      Damage    Failure   Level
 Kiss of Death            Conj/Necr      0%         2d5       80%         1
 Sting                    Tmut/Pois      0%         1d3       80%         1
 Cigotuvi's Dreadful Rot  Necr/Pois/Air  0%         N/A       91%         2
 Poisonous Vapours        Pois/Air       0%         N/A       91%         2
 Sublimation of Blood     Necr           0%         N/A       91%         2
 Confusing Touch          Hex            0%         N/A       99%         3
 Dazzling Flash           Conj/Hex       0%         N/A       99%         3
 Ozocubu's Armour         Ice            0%         N/A       99%         3
 Dispel Undead            Necr           0%         3d6       100%        4
 Iskenderun's Mystic Bla  Conj/Tloc      0%         2d3       100%        4
 Olgreb's Toxic Radiance  Pois           0%         N/A       100%        4
 Petrify                  Tmut/Erth      0%         N/A       100%        4
 Irradiate                Conj/Tmut      0%         3d11      100%        5
 Metabolic Englaciation   Hex/Ice        0%         N/A       100%        5
 Death Channel            Necr           0%         N/A       100%        6
 Simulacrum               Ice/Necr       0%         N/A       100%        6
 Starburst                Conj/Fire      0%         6d3       100%        6


Dungeon Overview and Level Annotations

Branches:
Dungeon (8/15)             Temple (1/1) D:4
   Lair: D:8-11

Altars:
Ashenzari
Cheibriados
Dithmenos
Elyvilon
Hepliaklqana
Kikubaaqudgha
Makhleb
Nemelex Xobeh
Qazlal
Ru
Sif Muna
Trog
Wu Jian
The Shining One

Shops:
D:3 ?

Portals:
Abyss: D:5

Annotations:
D:5 2 transporters, mitko27butlikefrench's ghost, novice OpBr
D:7 2 transporters, Rayvis's ghost, novice MiFi


Innate Abilities, Weirdness & Mutations

You have a pair of horns on your head.
You reflexively headbutt those who attack you in melee.


Message History

You closely miss the acid dragon. You hit the kobold but do no damage.
You slash the kobold brigand!
The wolf stops to sniff the ground.
You barely miss the acid dragon.
You headbutt the acid dragon, but do no damage.
You miss the kobold brigand. You hit the kobold.
You kill the kobold!
The kobold brigand hits you with a +0 dagger.
The acid dragon spits acid at you. The splash of acid hits you!
The acid corrodes you!
You feel very mighty all of a sudden.
The kobold brigand hits you with a +0 dagger.
The acid dragon closely misses you. The acid dragon claws you.
You slice the acid dragon!!
The acid dragon is severely wounded.
You hit the kobold brigand. You closely miss the wolf.
You block the wolf's attack.
The kobold brigand hits you with a +0 dagger.
The acid dragon bites you!
* * * LOW HITPOINT WARNING * * *
The acid dragon claws you.
* * * LOW HITPOINT WARNING * * *
It was a potion of attraction.
You feel attractive to monsters. You block the wolf's attack.
The kobold brigand hits you with a +0 dagger.
* * * LOW HITPOINT WARNING * * *
The acid dragon closely misses you. The acid dragon claws you.
* * * LOW HITPOINT WARNING * * *
You block the wolf's attack.
It was a potion of curing.
You feel better. The wolf closely misses you. You furiously retaliate!
You headbutt the wolf.
The kobold brigand hits you with a +0 dagger!
* * * LOW HITPOINT WARNING * * *
The acid dragon closely misses you. You furiously retaliate!
You headbutt the acid dragon!
You kill the acid dragon!
The acid dragon scales are intact enough to wear.
The wolf bites you!
You die...

..# ####.####.###### ###
###...............
#########...#..###..######
..............###..##
#########..####...#####
#####...##..........##
##.....###............#
##..#####...............
...## ......[@)...... .###
#....$h.K...... ##
#.............. #
...............
.#.............
##.......>..#.
######....## .#..#


You could see a kobold brigand and a wolf.

Vanquished Creatures
  Maggie (D:7)
  Sigmund (D:3)
  A wyvern (D:8)
  An acid dragon (D:8)
  3 ice beasts
  2 black bears (D:7)
  2 ogres
  2 phantoms
  Blork the orc (D:6)
  4 bullfrogs
  A gnoll sergeant (D:5)
  A necrophage (D:5)
  A howler monkey (D:8)
  2 hounds
  3 jellies
  Crazy Yiuf (D:6)
  2 orc priests
  Ijyb (D:3)
  3 iguanas
  An orc wizard (D:4)
  Natasha (thrice) (D:2)
  Robin (D:2)
  3 gnolls (D:5)
  8 adders
  3 white imps
  An ufetubus (D:6)
  3 worms
  17 orcs
  4 ball pythons
  5 bats
  3 endoplasms
  3 giant cockroaches
  10 goblins
  7 hobgoblins
  6 jackals
  10 kobolds
  4 quokkas
  A frilled lizard (D:3)
  2 rats (D:3)
128 creatures vanquished.

Notes
Turn   | Place    | Note
-------+----------+-------------------------------------------
     0 | D:1      | MTVSty1e the Minotaur Fighter began the quest for the Orb.
     0 | D:1      | Reached XP level 1. HP: 19/19 MP: 0/0
   244 | D:1      | Reached skill level 3 in Axes
   550 | D:1      | Reached XP level 2. HP: 23/27 MP: 1/1
   990 | D:2      | Reached XP level 3. HP: 15/33 MP: 2/2
  1144 | D:2      | Reached skill level 4 in Axes
  1159 | D:2      | Found a snail-covered altar of Cheibriados.
  1281 | D:2      | Noticed Natasha
  1287 | D:2      | Killed Natasha
  1288 | D:2      | Reached XP level 4. HP: 28/41 MP: 3/3
  1522 | D:2      | Noticed Natasha
  1530 | D:2      | Killed Natasha
  1568 | D:2      | Noticed Robin
  1572 | D:2      | Reached skill level 5 in Axes
  1578 | D:2      | Killed Robin
  1843 | D:2      | Noticed Natasha
  1853 | D:2      | Killed Natasha
  1854 | D:2      | Reached skill level 5 in Fighting
  1854 | D:2      | Reached XP level 5. HP: 31/48 MP: 4/4
  2207 | D:3      | Noticed Sigmund
  2225 | D:3      | Killed Sigmund
  2226 | D:3      | Reached skill level 6 in Axes
  2226 | D:3      | Reached XP level 6. HP: 31/57 MP: 5/5
  2352 | D:3      | Found Lischoici's Magic Scroll Boutique.
  2415 | D:3      | Found a glowing golden altar of the Shining One.
  2596 | D:3      | Found a white marble altar of Elyvilon.
  2700 | D:3      | Noticed Ijyb
  2712 | D:3      | Killed Ijyb
  2713 | D:3      | Reached skill level 7 in Axes
  3216 | D:4      | Found a staircase to the Ecumenical Temple.
  3241 | Temple   | Entered the Ecumenical Temple
  3543 | D:4      | Found a stormy altar of Qazlal.
  3624 | D:4      | Reached XP level 7. HP: 38/63 MP: 6/6
  4049 | D:5      | Entered Level 5 of the Dungeon
  4161 | D:5      | Found a one-way gate to the infinite horrors of the Abyss.
  4161 | D:5      | Noticed mitko27butlikefrench's ghost (novice OpBr)
  4170 | D:5      | Noticed a small abomination
  4228 | D:5      | Found a transporter.
  4231 | D:5      | Noticed a toenail golem
  4308 | D:5      | Reached skill level 8 in Axes
  4577 | D:5      | Found a transporter.
  4730 | D:5      | Reached skill level 9 in Axes
  4847 | D:5      | Reached XP level 8. HP: 5/73 MP: 7/7
  5518 | D:6      | Noticed Blork the orc
  5527 | D:6      | Killed Blork the orc
  5603 | D:6      | Found an ornate altar of the Wu Jian Council.
  5720 | D:6      | Found a sparkling altar of Nemelex Xobeh.
  5720 | D:6      | Found a sacrificial altar of Ru.
  5790 | D:6      | Found a broken altar of Ashenzari.
  5804 | D:6      | Reached skill level 10 in Axes
  6097 | D:6      | Identified the +5 hammer "Ruxta" {vorpal, Dex+2}
  6103 | D:6      | Found a runed translucent door.
  6104 | D:6      | Noticed Crazy Yiuf
  6109 | D:6      | Killed Crazy Yiuf
  6288 | D:7      | Found a bloodstained altar of Trog.
  6557 | D:7      | Reached skill level 11 in Axes
  6825 | D:7      | Noticed Maggie
  6835 | D:7      | Killed Maggie
  6836 | D:7      | Reached XP level 9. HP: 38/83 MP: 8/8
  7043 | D:7      | Found a transporter.
  7048 | D:7      | Noticed Rayvis's ghost (novice MiFi)
  7048 | D:7      | Identified the +8 great mace of Tartarus {vorpal, rCorr
                  | Int+4}
  7048 | D:7      | Identified the +8 dire flail of Meqaem {vamp, *Rage rCorr
                  | Str+6}
  7048 | D:7      | Noticed a two-headed ogre
  7052 | D:7      | Found a transporter.
  7132 | D:7      | Reached skill level 12 in Axes
  7546 | D:8      | Slain by a wolf

Illustrated notes

Levels and vault maps discovered:
D:1:      spicycebolla_green_bress_n_ham, layout_loops_corners
D:2:      layout_loops_ring, basic_altar, nrook_campfire, uniq_robin,
          uniq_natasha
D:3:      layout_loops_corners, nicolae_tso_swordbearing_angel,
          amcnicky_altar_gilded, serial_shops, nicolae_shop_crystal,
          grunt_decor_cap, uniq_ijyb, uniq_sigmund
D:4:      minmay_door_path, layout_cave_pools, grunt_qazlal_sundering,
          minmay_temple_entry_grid, serial_bayou_crossing
D:5:      layout_basic, gammafunk_ghost_abyssal_escape,
          minmay_misc_feat_encased, chequers_serial_rivers_micro_a,
          hangedman_decor_opposing, lightli_minifort
D:6:      layout_loops_ring, nicolae_overflow_two_pavilions,
          ashenzari_conservatory_becter, nicolae_wu_jian_wuxing_cycle,
          uniq_blork_the_orc, uniq_crazy_yiuf_cottage
D:7:      layout_basic, lemuel_crystal_altar, gammafunk_ghost_smash,
          kennysheep_generic_room_12, uniq_maggie
D:8:      layout_rooms, minitemple, hellmonk_lair_entry_icy,
          chequers_serial_rivers_large_b, minmay_the_grid_2x2
          [minmay_the_grid_medium_cups, minmay_the_grid_gridbox,
          minmay_the_grid_slots, minmay_the_grid_prize_trominoes]
Temple:   nicolae_temple_bog_church

Skill      XL: |  1  2  3  4  5  6  7  8  9 |
---------------+----------------------------+-----
Axes           | 3 4 5 6 7 9 11 12 | 12.4
Fighting       | 4 5 6 7 9 |  9.5
Armour         | |  3.6
Shields        | |  3.6

Action                   |  1- 3 |  4- 6 |  7- 9 || total
-------------------------+-------+-------+-------++-------
Melee: War axe           |    65 |   141 |   147 ||   353
       Headbutt          |     8 |    18 |    27 ||    53
  Use: Potion            |       |     1 |     3 ||     4
Armor: Scale mail        |    39 |    65 |    44 ||   148
Dodge: Dodged            |    21 |    57 |    59 ||   137
Block: Buckler           |    10 |    25 |    39 ||    74
       Reflection        |       |       |     2 ||     2

Table legend: (Time is in decaauts)
 A = Elapsed time spent in this place.
 B = Non-inter-level travel time spent in this place.
 C = Inter-level travel time spent in this place.
 D = Time resting spent in this place.
 E = Time spent auto-exploring this place.
 F = Levels seen in this place.
 G = Mean time per level.
                   A        B        C        D        E       F      G
               +--------+--------+--------+--------+--------+-----+--------+
         Total |   7631 |   7386 |    245 |    998 |   5505 |   9 |  847.9 |
       Dungeon |   7440 |   7211 |    229 |    998 |   5336 |   8 |  930.0 |
        Temple |    191 |    175 |     16 |      0 |    168 |   1 |  191.0 |
               +--------+--------+--------+--------+--------+-----+--------+

Top non-repeatable levels by time:
     D:5: 1293 daAuts
     D:2: 1115 daAuts
     D:7: 1060 daAuts
     D:3: 1031 daAuts
     D:6: 951 daAuts
     D:1: 951 daAuts
     D:4: 839 daAuts
     D:8: 196 daAuts
  Temple: 191 daAuts
